 Dungeon Crawl Stone Soup version 0.30-a0-939-gc8157cb160 (webtiles) character file.

Game seed: 3038174138177076890

53944 Mesmaeker13 the Martial Artist (level 14, -9/122 HPs)
             Began as an Octopode Transmuter on Mar 25, 2023.
             Was a High Priest of Wu Jian.
             Mangled by Rupert
             ... wielding a +1 vampiric battleaxe
              (18 damage)
             ... on level 5 of the Lair of Beasts.
             The game lasted 00:39:00 (16788 turns).

Mesmaeker13 the Martial Artist (OpTm)              Turns: 16788, Time: 00:39:01

Health: -9/122     AC:  9    Str: 17    XL:     14   Next: 70%
Magic:  9/17       EV: 10    Int: 17    God:    Wu Jian [*****.]
Gold:   1320       SH:  0    Dex: 20    Spells: 4/17 levels left

rFire   x . .      SeeInvis .    k - melded staff of cold "Byloxt" {Fly rF- rC+ rN+}
rCold   + + +      Faith    .    (shield currently unavailable)
rNeg    . . .      Spirit   .    (helmet currently unavailable)
rPois   +          Reflect  .    D - amulet of magic regeneration
rElec   .          Rampage  .    t - +6 ring of dexterity
rCorr   .                        F - +6 ring of strength
Will    +....                    (no ring)
Stlth   ++                       (no ring)
HPRegen 0.40/turn                (no ring)
MPRegen 0.55/turn                (no ring)
                                 (no ring)
                                 (no ring)

@: about to teleport, ice-form, hasted, very quick
A: freezing attack, boosted hp, almost no armour, amphibious, 8 rings, large,
(camouflage 1), (gelatinous body 1), (nimble swimmer 1), (tentacles)
a: End Transformation, Renounce Religion, Wall Jump, Serpent's Lash, Heavenly
Storm


You were on level 5 of the Lair of Beasts.
You worshipped Wu Jian.
Wu Jian was extremely pleased with you.
You were a creature of crystalline ice.
You visited 3 branches of the dungeon, and saw 16 of its levels.
You also visited: Ossuary.

You collected 1320 gold pieces.

Inventory:

Hand Weapons
 s - a +0 heavy trident
Missiles
 G - a throwing net (quivered)
Magical Staves
 k - the staff of cold "Byloxt" (melded) {Fly rF- rC+ rN+}
   (You found it on level 2 of the Dungeon)

   [staff of cold]

   Base accuracy: +5 Base damage: 5 Base attack delay: 1.2 This weapon's minimum
   attack delay (0.6) is reached at skill level 12.
   rF:        It makes you vulnerable to fire.
   rC:        It protects you from cold.
   rN:        It protects you from negative energy.
   Fly:       It grants you flight.
   It falls into the 'Staves' category.
   It is a one-tentacled weapon.
Jewellery
 t - a +6 ring of dexterity (left front paw)
 D - an amulet of magic regeneration (around neck)
 F - a +6 ring of strength (right front paw)
 H - an amulet of faith
 K - a ring of ice
 L - a ring of flight
Wands
 m - a wand of flame (25)
 p - a wand of charming (14)
 x - a wand of acid (4)
 A - a wand of roots (4)
Scrolls
 a - a scroll of enchant armour
 e - 3 scrolls of silence
 f - 3 scrolls of torment
 g - 4 scrolls of magic mapping
 j - 4 scrolls of butterflies
 n - a scroll of teleportation
 q - 4 scrolls of noise
 r - 3 scrolls of fear
 y - 3 scrolls of amnesia
 z - 2 scrolls of immolation
 B - a scroll of enchant weapon
 I - a scroll of fog
 J - a scroll of identify
Potions
 b - 3 potions of heal wounds
 c - 2 potions of brilliance
 h - 8 potions of curing
 i - 4 potions of attraction
 l - a potion of haste
 o - 4 potions of mutation
 u - 8 potions of flight
 v - a potion of resistance {unknown}
 C - a potion of might
 E - 3 potions of magic
Miscellaneous
 w - a box of beasts


   Skills:
 + Level 11.7 Fighting
 - Level 2.0 Dodging
 + Level 13.2 Unarmed Combat
 - Level 2.0 Spellcasting
 + Level 7.8 Summonings
 + Level 11.8 Transmutations
 + Level 11.2 Ice Magic


You had 4 spell levels left.
You knew the following spells:

 Your Spells              Type           Power      Damage    Failure   Level
a - Summon Ice Beast      Ice/Summ       34%        N/A       3%          4
b - Wereblood             Tmut           41%        N/A       1%          2
c - Ice Form              Ice/Tmut       41%        N/A       1%          4
d - Call Canine Familiar  Summ           28%        N/A       2%          3

Your spell library contained the following spells:

 Spells                   Type           Power      Damage    Failure   Level
 Beastly Appendage        Tmut           82%        N/A       1%          1
 Summon Small Mammal      Summ           100%       N/A       1%          1
 Frozen Ramparts          Ice            80%        1d13      1%          3
 Spider Form              Tmut/Pois      21%        N/A       4%          3
 Summon Guardian Golem    Hex/Summ       14%        N/A       12%         3
 Slow                     Hex            4%         N/A       19%         1
 Blink                    Tloc           2%         N/A       28%         2
 Lesser Beckoning         Tloc           2%         N/A       28%         2
 Momentum Strike          Conj/Tloc      2%         3d8       28%         2
 Confusing Touch          Hex            1%         N/A       50%         3
 Kindle Blastsparks       Fire/Tloc/Air  2%         2d10      50%         3
 Portal Projectile        Hex/Tloc       2%         N/A       50%         3
 Vampiric Draining        Necr           1%         2d6       50%         3
 Vhi's Electric Charge    Tloc/Air       2%         N/A       50%         3
 Fulminant Prism          Conj/Hex       0%         3d5       88%         4
 Iskenderun's Mystic Bla  Conj/Tloc      1%         2d3       88%         4
 Leda's Liquefaction      Hex/Erth       0%         N/A       88%         4
 Blade Hands              Tmut           20%        N/A       4%          5
 Arcjolt                  Conj/Air       0%         1d10      99%         5
 Lee's Rapid Deconstruct  Erth           0%         3d4*      99%         5
 Iron Shot                Conj/Erth      0%         9d1       100%        6
 Maxwell's Capacitive Co  Air            0%         ∞         100%        8
 Animate Armour           Summ/Erth      Unusable   N/A       N/A         4

Dungeon Overview and Level Annotations

Branches:
Dungeon (10/15)            Temple (1/1) D:7            Lair (5/5) D:9
  Swamp (0/4) Lair:2       Spider (0/4) Lair:3          Orc (0/2) D:10
Ossuary (visited)
  Slime: Lair:4-5

Altars:
Ashenzari
Dithmenos
Elyvilon
Fedhas
Gozag
Nemelex Xobeh
Ru
Trog
Vehumet
Wu Jian
Yredelemnul
Zin

Shops:
D:4 (   D:9 (

Annotations:
D:2 Terence
D:5 2 exclusions
Lair:1 2 exclusions
Lair:3 1 runed translucent door
Lair:5 Rupert


Innate Abilities, Weirdness & Mutations

You are a creature of crystalline ice.
You have a powerful freezing melee attack.
Your maximum health is increased.
Your armour is entirely melded.
You are incapable of wielding weapons or throwing items.
You cannot wear most types of armour.
You are amphibious.
You can wear up to eight rings at the same time.
((Your skin changes colour to match your surroundings (Stealth+).))
((Your rubbery body absorbs attacks. (AC +1, EV +1)))
((You are camouflaged when in or above water. (Stealth+)))
((You have tentacles for arms and can constrict up to eight enemies at once.))


Message History

A chill wind blows around you.
The grasping roots constrict Rupert.
The roots release their grip on Rupert.
Casting: Summon Ice Beast (mildly dangerous; 3% risk of failure)
Confirm with . or Enter, or press ? or * to list all spells.
You fail to extend your transformation any further.
Rupert hits you with a +1 vampiric battleaxe!
Rupert draws strength from your wounds! Rupert barely misses your ice beast.
Your ice beast hits Rupert but does no damage.
Unknown command.
Rupert closely misses your ice beast.
Aiming: Corrosive Bolt
Press: ? - help, Shift-Dir - straight line, f - Rupert
Aim: Rupert, wielding a +1 vampiric battleaxe and wearing a +1 chain mail of fire resistance (lightly wounded, berserk, not watching you, ally target, 79% to hit)
The bolt of acid hits Rupert!
The acid corrodes Rupert!
Rupert is lightly wounded.
Your ice beast barely misses Rupert.
Casting: Ice Form (mildly dangerous; 1% risk of failure)
Confirm with . or Enter, or press ? or * to list all spells.
A chill wind blows around you.
Your ice beast disappears in a puff of smoke!
Rupert hits you with a +1 vampiric battleaxe!!
* * * LOW HITPOINT WARNING * * *
Rupert hits your ice beast with a +1 vampiric battleaxe!
Rupert hits your ice beast with a +1 vampiric battleaxe!!
Your ice beast dies!
Your ice beast disappears in a puff of smoke!
There is a stone staircase leading down here.
Rupert hits you with a +1 vampiric battleaxe!
* * * LOW HITPOINT WARNING * * *
Rupert draws strength from your wounds!
You climb downwards.
The cane toad croaks. x2; You hear a croak.
You hear an angry buzzing noise.
You hear a croak.
You hear a loud, deep croak! x2
A bullfrog comes into view.
A vampire mosquito comes into view.
A bullfrog comes into view.
There is a stone staircase leading up here.
As you read the scroll of teleportation, it crumbles to dust.
You feel strangely unstable.
Rupert hits you with a +1 vampiric battleaxe!!
You die...

.....?.......F~
..............P
............F.~
..............~
...........FFyP
..............~
..............~
.......Y.......
......@....F...
.....)?.......~
..F.........P.P
............##.
............#
..#.......)##
...P........


You could see Rupert (berserk, corroded), 2 cane toads, a blink frog
(wandering), a vampire mosquito and 3 bullfrogs.

Vanquished Creatures
  Snorg (D:10)
  4 hydras
  A boulder beetle (Lair:4)
  4 two-headed ogres
  3 death yaks (Lair:4)
  A skyshark (Lair:3)
  Pikel (D:7)
  2 bog bodies (Lair:2)
  An ugly thing (D:6)
  8 elephants
  2 black mambas
  An unseen horror (D:10)
  2 rime drakes
  6 cane toads
  A torpor snail (Lair:1)
  Psyche (D:8)
  A kobold demonologist (D:5)
  5 komodo dragons
  A polar bear (Lair:4)
  A hornet (D:9)
  6 blink frogs
  A shadow (D:10)
  Sigmund (D:4)
  A jumping spider (Lair:3)
  A wraith (D:6)
  9 wyverns
  3 basilisks
  Eustachio (D:4)
  15 yaks
  2 steam dragons
  2 swamp worms (Lair:2)
  9 water moccasins
  A sky beast (D:6)
  6 black bears
  2 ice beasts
  A swamp drake (D:9)
  4 orc warriors
  2 ogres (D:6)
  A lemure (D:7)
  16 wolves
  A phantom (D:5)
  4 centaurs
  A kobold brigand (D:9)
  8 bullfrogs
  2 gnoll sergeants
  10 scorpions
  9 wights
  8 killer bees
  5 howler monkeys
  2 electric eels
  2 centaur zombies (Ossuary)
  6 hounds
  3 orc priests
  2 sleepcaps
  2 gnoll boudas
  4 scorpion zombies (Ossuary)
  2 iguanas
  8 orc wizards
  5 hell rats (Lair:1)
  3 mummies (Ossuary)
  Robin (D:3)
  5 adders
  17 gnolls
  A shadow imp (D:6)
  A white imp (D:5)
  A worm (D:4)
  2 dart slugs (D:1)
  28 orcs
  3 bats
  5 endoplasms
  6 giant cockroaches
  17 goblins
  9 hobgoblins
  2 quokkas (D:2)
  8 ball pythons
  6 frilled lizards
  3 gnoll zombies (Ossuary)
  2 hobgoblin zombies (Ossuary)
  6 kobolds
  3 kobold zombies (Ossuary)
  3 orc zombies (Ossuary)
  4 rats
351 creatures vanquished.

Vanquished Creatures (collateral kills)
  A hydra (Lair:4)
  A death yak (Lair:4)
  An elephant (Lair:3)
  A black mamba (Lair:3)
  Maggie (D:10)
  A bullfrog (Lair:4)
  A lava snake (Lair:4)
7 creatures vanquished.

Vanquished Creatures (others)
  A gnoll (D:6)
  16 fungi
  26 plants
43 creatures vanquished.

Grand Total: 401 creatures vanquished

Notes
Turn   | Place    | Note
-------+----------+-------------------------------------------
     0 | D:1      | Mesmaeker13 the Octopode Transmuter began the quest for the
                  | Orb.
     0 | D:1      | Reached XP level 1. HP: 13/13 MP: 3/3
   165 | D:1      | Reached XP level 2. HP: 18/18 MP: 3/5
   319 | D:1      | Learned a level 2 spell: Wereblood
   547 | D:1      | Reached XP level 3. HP: 24/24 MP: 4/6
   914 | D:2      | Noticed Terence
   934 | D:2      | Identified the staff of cold "Byloxt" {Fly rF- rC+ rN+}
  1296 | D:3      | Noticed Robin
  1451 | D:2      | Reached XP level 4. HP: 29/29 MP: 5/7
  1856 | D:3      | Found an ornate altar of the Wu Jian Council.
  1965 | D:3      | Killed Robin
  2269 | D:2      | Reached skill level 4 in Unarmed Combat
  2454 | D:2      | Reached XP level 5. HP: 34/35 MP: 6/8
  2788 | D:3      | Became a worshipper of the Wu Jian Council
  2815 | D:4      | Learned a level 4 spell: Ice Form
  2918 | D:4      | Noticed Sigmund
  2925 | D:4      | Killed Sigmund
  2926 | D:4      | Reached skill level 1 in Ice Magic
  2926 | D:4      | Reached XP level 6. HP: 32/42 MP: 9/9
  2926 | D:4      | Found a sand-covered staircase.
  2935 | Ossuary  | Entered an ossuary
  3172 | Ossuary  | Reached XP level 7. HP: 27/47 MP: 10/10
  3438 | Ossuary  | Reached * piety under Wu Jian
  3439 | Ossuary  | Reached skill level 5 in Unarmed Combat
  3872 | Ossuary  | Reached XP level 8. HP: 44/54 MP: 8/11
  3879 | Ossuary  | Reached skill level 5 in Transmutations
  4258 | D:4      | Noticed Eustachio
  4275 | D:4      | Killed Eustachio
  4331 | D:4      | Found Lenefays's Weapon Shop.
  4717 | D:4      | Reached skill level 5 in Fighting
  4915 | D:5      | Entered Level 5 of the Dungeon
  4927 | D:5      | Reached skill level 6 in Unarmed Combat
  5213 | D:5      | Reached ** piety under Wu Jian
  5435 | D:5      | Reached XP level 9. HP: 60/62 MP: 6/12
  5608 | D:5      | Noticed a kobold demonologist
  5688 | D:5      | Killed a kobold demonologist
  5689 | D:5      | Reached skill level 5 in Ice Magic
  5901 | D:6      | Reached skill level 7 in Unarmed Combat
  5951 | D:6      | Noticed a two-headed ogre
  6185 | D:6      | Reached skill level 10 in Unarmed Combat
  6185 | D:6      | Reached XP level 10. HP: 72/72 MP: 8/13
  6191 | D:6      | Killed a two-headed ogre
  6234 | D:6      | Noticed a brown ugly thing
  6244 | D:6      | Killed a brown ugly thing
  6245 | D:6      | Reached XP level 11. HP: 21/78 MP: 9/14
  6484 | D:6      | Reached *** piety under Wu Jian
  6611 | D:6      | Found an opulent altar of Gozag.
  6612 | D:6      | Found a sacrificial altar of Ru.
  6616 | D:6      | Found a glowing silver altar of Zin.
  6618 | D:6      | Found a bloodstained altar of Trog.
  6618 | D:6      | Found a radiant altar of Vehumet.
  6618 | D:6      | Found a sparkling altar of Nemelex Xobeh.
  6618 | D:6      | Found a blossoming altar of Fedhas.
  6618 | D:6      | Found a broken altar of Ashenzari.
  6622 | D:6      | Found a basalt altar of Yredelemnul.
  6625 | D:6      | Found a white marble altar of Elyvilon.
  6626 | D:6      | Found a shadowy altar of Dithmenos.
  6730 | D:6      | Noticed a two-headed ogre
  6748 | D:6      | Killed a two-headed ogre
  7283 | D:7      | Learned a level 3 spell: Call Canine Familiar
  7452 | D:7      | You fall into a shaft and drop 2 floors!
  7493 | D:9      | Reached skill level 1 in Summonings
  7968 | D:8      | Noticed Psyche
  7980 | D:8      | Killed Psyche
  8012 | D:7      | Found a staircase to the Ecumenical Temple.
  8020 | Temple   | Entered the Ecumenical Temple
  8061 | D:7      | Noticed Pikel
  8071 | D:7      | Killed Pikel
  8155 | D:7      | Reached **** piety under Wu Jian
  9245 | D:9      | Found a staircase to the Lair.
  9380 | D:9      | Noticed a two-headed ogre
  9386 | D:9      | Killed a two-headed ogre
  9387 | D:9      | Reached skill level 11 in Unarmed Combat
  9781 | D:9      | Noticed a two-headed ogre
  9797 | D:9      | Learned a level 4 spell: Summon Ice Beast
  9920 | D:9      | Killed a two-headed ogre
  9921 | D:9      | Reached XP level 12. HP: 59/86 MP: 6/15
 10159 | D:9      | Found Tafrylem's Antique Weapon Boutique.
 10371 | D:10     | Entered Level 10 of the Dungeon
 10414 | D:10     | Noticed Snorg
 10425 | D:10     | Killed Snorg
 10467 | D:10     | Found a staircase to the Orcish Mines.
 10610 | D:10     | Noticed Maggie
 10625 | D:10     | Killed Maggie
 11069 | D:10     | Reached skill level 10 in Transmutations
 11304 | Lair:1   | Entered Level 1 of the Lair of Beasts
 11494 | Lair:1   | Reached skill level 10 in Fighting
 11606 | Lair:1   | Reached ***** piety under Wu Jian
 11783 | Lair:1   | Reached skill level 5 in Summonings
 12739 | Lair:2   | Found a staircase to the Swamp.
 13227 | Lair:2   | Reached skill level 10 in Ice Magic
 13467 | Lair:2   | Reached skill level 12 in Unarmed Combat
 13710 | Lair:3   | Reached XP level 13. HP: 93/93 MP: 13/16
 14141 | Lair:3   | Found a hole to the Spider Nest.
 14323 | Lair:3   | Found a runed translucent door.
 14387 | Lair:3   | Reached XP level 14. HP: 101/101 MP: 17/17
 15152 | Lair:4   | Reached skill level 13 in Unarmed Combat
 15308 | Lair:4   | Noticed Rupert
 16071 | Lair:4   | Found an ornate altar of the Wu Jian Council.
 16335 | Lair:5   | Entered Level 5 of the Lair of Beasts
 16788 | Lair:5   | Mangled by Rupert

Illustrated notes

Levels and vault maps discovered:
D:1:      dpeg_arrival_round_b, layout_loops_cross, minmay_domino_4
D:2:      layout_rooms, uniq_terence
D:3:      layout_loops_ring, nicolae_wu_jian_glorious_leap, uniq_robin
D:4:      layout_rooms, serial_shops, nicolae_shop_bloodbath_and_beyond,
          enter_ossuary_1, uniq_eustachio, uniq_sigmund
D:5:      layout_loops_cross, minmay_checkerbox
D:6:      cheibrodos_fzero, layout_loops_ring, minitemple,
          nicolae_elevator_lobby_plus
D:7:      layout_rooms, minmay_temple_entry_statues_pillars, uniq_pikel
D:8:      layout_loops_ring, uniq_psyche
D:9:      kennysheep_blocky_hall, layout_rooms, erik_lair_dragon, serial_shops,
          nicolae_lakefront_shop, hex_intersection, kennysheep_potato
D:10:     layout_long_grid, orc_0_dummy, uniq_snorg, uniq_maggie
Temple:   zaba_magenta_temple
Lair:1:   layout_misc_corridors, nicolae_volcano_entry_vermiform
Lair:2:   layout_cave_shapes, nicolae_swamp_entry_splash_gauntlet,
          grunt_megastairs_1
Lair:3:   statuecave_lemuel, layout_chaotic_city, spider_nest_entry_rubble,
          nicolae_lair_grove_arrangements, pf_torpor_hydra, uniq_amaemon
Lair:4:   layout_gridlike, nzn_masters_of_martial_movement, uniq_rupert
Lair:5:   minmay_lair_end_frog_pond, layout_hall_layers, slime_entry_2,
          ebering_ghost_inner_flame, serial_bayou_shore_a

Skill      XL: |  1  2  3  4  5  6  7  8  9 10 11 12 13 14 |
---------------+-------------------------------------------+-----
Fighting       | 2 3 4 5 8 9 10 11 | 11.7
Transmutations | 3 4 6 8 9 10 11 | 11.8
Unarmed Combat | 4 5 6 10 11 12 13 | 13.2
Ice Magic      | 1 2 3 4 7 9 10 11 | 11.2
Summonings     | 3 5 6 7 |  7.8
Dodging        | |  2.0
Spellcasting   | |  2.0

Action                     |  1- 3 |  4- 6 |  7- 9 | 10-12 | 13-15 || total
---------------------------+-------+-------+-------+-------+-------++-------
  Melee: Unarmed           |    13 |       |   176 |   380 |   159 ||   728
         Kick              |    19 |    27 |    25 |       |       ||    71
         Constrict         |    18 |    21 |    10 |     1 |       ||    50
         Tentacles         |     9 |    19 |    21 |     1 |       ||    50
         Dagger            |    61 |    85 |       |       |       ||   146
         Punch             |     1 |     4 |     4 |       |       ||     9
         Staff             |       |    17 |    77 |     2 |       ||    96
  Throw: Dart              |       |     6 |       |       |     1 ||     7
   Cast: Beastly Appendage |    24 |    17 |     6 |       |       ||    47
         Wereblood         |     3 |     5 |    13 |    30 |    11 ||    62
         Ice Form          |       |       |    18 |    49 |    20 ||    87
         Summon Ice Beast  |       |       |       |    15 |    24 ||    39
         Call Canine Famil |       |       |       |     7 |    16 ||    23
 Invoke: Serpent's Lash    |       |       |       |     1 |     1 ||     2
Ability: Lunge             |       |     2 |    18 |    56 |    10 ||    86
         Whirlwind         |       |       |       |    11 |     6 ||    17
  Evoke: Wand              |       |       |     1 |     4 |     8 ||    13
         Box of beasts     |       |       |       |       |     1 ||     1
    Use: Scroll            |       |     1 |     7 |    16 |     2 ||    26
         Potion            |       |       |     4 |       |     3 ||     7
   Stab: Sleeping          |     5 |     2 |     1 |     1 |       ||     9
         Distracted        |       |       |       |     5 |     4 ||     9
 Armour: Skin              |     7 |     4 |    67 |    93 |    54 ||   225
  Dodge: Dodged            |    39 |    71 |   103 |   140 |    69 ||   422

Table legend: (Time is in decaauts)
 A = Elapsed time spent in this place.
 B = Non-inter-level travel time spent in this place.
 C = Inter-level travel time spent in this place.
 D = Time resting spent in this place.
 E = Time spent auto-exploring this place.
 F = Levels seen in this place.
 G = Mean time per level.
                   A        B        C        D        E       F      G
               +--------+--------+--------+--------+--------+-----+--------+
         Total |  16719 |  16077 |    642 |   3165 |   9080 |  17 |  983.5 |
       Dungeon |  10119 |   9623 |    496 |   1061 |   6215 |  10 | 1011.9 |
        Temple |      1 |      1 |      0 |      0 |      0 |   1 |    1.0 |
          Lair |   5305 |   5160 |    145 |   1248 |   2776 |   5 | 1061.0 |
       Ossuary |   1292 |   1292 |      0 |    856 |     89 |   1 | 1292.0 |
               +--------+--------+--------+--------+--------+-----+--------+

Top non-repeatable levels by time:
  Lair:4: 1867 daAuts
     D:9: 1648 daAuts
     D:6: 1408 daAuts
 Ossuary: 1292 daAuts
  Lair:1: 1219 daAuts
  Lair:3: 1210 daAuts
  Lair:2: 993 daAuts
     D:1: 967 daAuts
     D:8: 961 daAuts
     D:5: 957 daAuts
     D:3: 939 daAuts
     D:2: 901 daAuts
    D:10: 846 daAuts
     D:4: 828 daAuts
     D:7: 659 daAuts
